[Event "Team 45 45 League T45"]
[Site "Internet Chess Club"]
[Date "2010.05.08"]
[Round "1"]
[White "KingGajwa"]
[Black "Stryker672"]
[Result "1/2-1/2"]
[WhiteElo "2110"]
[BlackElo "1936"]
[Opening "Kevitz-Trajkovich defense"]
[ECO "A50"]
[Time "09:04:22"]
[TimeControl "2700+45"]

1. d4 Nf6 2. c4 Nc6 3. Nc3 e5 4. d5 Ne7 5. e4 Ng6 6. a3 Bc5 7. h3 d6 8. Nge2 a5
9. Qc2 O-O 10. Nd1 Nh5 11. Ne3 Nh4 12. Bd2 f5 13. exf5 Nxf5 14. O-O-O Nxe3 15.
fxe3 Qh4 16. g4 Bxg4 17. hxg4 Qxh1 18. Nf4 exf4 19. Bd3 Qf3 20. Bxh7+ Kh8 21.
gxh5 Bxe3 22. Be4 Bxd2+ 23. Rxd2 Qe3 24. h6 gxh6 25. Kb1 Rf6 26. Re2 Qg1+ 27.
Ka2 Raf8 28. Rg2 Qe3 29. Re2 Qd4 30. Bf3 Qc5 31. Re7 R8f7 32. Re8+ Kg7 33. Qg2+
Rg6 34. Rg8+ Kxg8 35. Qxg6+ Kf8 36. Qxh6+ Ke7 37. Qe6+ Kf8 38. Qh6+ Ke7 39. Qe6+
Kf8 40. Qh6+ Ke7 41. Qe6+ Kf8 {Game drawn by repetition} 1/2-1/2

[Event "Team 45 45 League T45"]
[Site "Internet Chess Club"]
[Date "2010.05.10"]
[Round "1"]
[White "VietLion"]
[Black "andrew28"]
[Result "0-1"]
[WhiteElo "1873"]
[BlackElo "1694"]
[Opening "Sicilian: Pin, Koch variation"]
[ECO "B41"]
[Time "16:17:48"]
[TimeControl "2700+45"]

1. e4 c5 2. Nf3 e6 3. d4 cxd4 4. Nxd4 Nf6 5. Nc3 Bb4 6. e5 Nd5 7. Nb5 Nxc3 8.
bxc3 Bc5 9. Nd6+ Bxd6 10. exd6 Qa5 11. Qd4 O-O 12. Bb2 Nc6 13. Qd2 Qe5+ 14. Be2
b6 15. O-O Bb7 16. Rfe1 Qf6 17. Rab1 Qg6 18. Bd3 f5 19. Re3 e5 20. Rg3 Qf6 21.
f4 Rae8 22. Re1 e4 23. Bc4+ Kh8 24. a4 Na5 25. Ba2 Rc8 26. Ba1 Nc4 27. Qe2 Ba6
28. Rh3 Qxd6 29. Rd1 Qxf4 30. Rxd7 Qc1+ 31. Rd1 Qg5 32. Rg3 Qe7 33. Qh5 Rf6 34.
Rh3 h6 35. Re1 Qc5+ 36. Kh1 Rd8 37. Bxc4 Bxc4 38. Bb2 Qf2 39. Rd1 Rfd6 40. Rg1
e3 41. Rf3 Qxg1+ {White resigns} 0-1

[Event "Team 45 45 League T45"]
[Site "Internet Chess Club"]
[Date "2010.05.08"]
[Round "1"]
[White "acejackace"]
[Black "John3v16"]
[Result "0-1"]
[WhiteElo "1502"]
[BlackElo "1688"]
[Opening "Benko's opening"]
[ECO "A00"]
[Time "15:00:20"]
[TimeControl "2700+45"]

1. g3 d5 2. Bg2 c5 3. d3 Nf6 4. Nd2 e5 5. e4 Nc6 6. Ne2 d4 7. a3 Be7 8. O-O Bg4
9. Nf3 Qd7 10. Nh4 h6 11. f4 exf4 12. Bxf4 g5 13. Nf5 gxf4 14. Rxf4 Ne5 15. Ng7+
Kd8 16. Nf5 Kc7 17. h3 Bxf5 18. Rxf5 Ng6 19. c3 dxc3 20. Nxc3 Rad8 21. Qb3 Qe6
22. Nb5+ Kb8 23. Qa4 a6 24. Nc3 Rxd3 25. Ne2 Rhd8 26. Raf1 Qb3 27. Qa5 Qxb2 28.
R5f2 Qb5 29. Qe1 Qb3 30. Nc1 Qxa3 31. Nxd3 Qxd3 32. Kh2 Ne5 33. Rf5 Nc4 34. R1f3
Qd1 35. Qc3 Nd2 36. Rd3 Rxd3 37. Qxd3 Qc1 38. e5 c4 39. Qd4 c3 40. Qb6 Nfe4 41.
Rxf7 Qe1 42. Qg6 Bc5 43. Qg8+ Ka7 44. h4 Qg1+ 45. Kh3 Nf2+ 46. Rxf2 Qxf2 47. Qd5
Kb6 48. Qxb7+ Ka5 49. Qc7+ Kb4 50. Qb7+ Bb6 51. Qxa6 c2 52. Qc8 Qc5 53. Qg4+ Qc4
54. Qxc4+ Nxc4 55. e6 c1=Q 56. e7 Nd6 {White resigns} 0-1

[Event "Team 45 45 League T45"]
[Site "Internet Chess Club"]
[Date "2010.05.09"]
[Round "1"]
[White "Timotheous"]
[Black "David2500"]
[Result "1-0"]
[WhiteElo "1593"]
[BlackElo "1542"]
[Opening "English opening: Agincourt variation"]
[ECO "A13"]
[Time "08:30:12"]
[TimeControl "2700+45"]

1. Nf3 d5 2. c4 e6 3. b3 Nf6 4. Bb2 Nc6 5. g3 Bd6 6. d4 Bb4+ 7. Nbd2 O-O 8. a3
Bxd2+ 9. Nxd2 dxc4 10. Nxc4 b5 11. Ne5 Nxe5 12. dxe5 Bb7 13. f3 Qxd1+ 14. Rxd1
Nd5 15. Kf2 c5 16. e4 Nc7 17. Rd7 Rac8 18. Bxb5 Nxb5 19. Rxb7 Rb8 20. Rd7 Rfd8
21. Rhd1 Nd4 22. Rxd8+ Rxd8 23. b4 Nc6 24. Rxd8+ Nxd8 25. bxc5 Nc6 26. Bc3 Kf8
27. Ke3 Ke8 28. f4 Kd7 29. Kd3 Kc7 30. f5 Kd7 31. g4 Nd8 32. h4 Kc6 33. Kc4 Nb7
34. Bd4 Nd8 35. h5 h6 36. Be3 exf5 37. exf5 Kd7 38. Kd5 Ke7 39. c6 {Black
resigns} 1-0

[Event "Team 45 45 League T45"]
[Site "Internet Chess Club"]
[Date "2010.05.10"]
[Round "1"]
[White "arriero55"]
[Black "The-Capitalist"]
[Result "1-0"]
[WhiteElo "1478"]
[BlackElo "1394"]
[Opening "Caro-Kann: classical variation"]
[ECO "B18"]
[Time "17:00:23"]
[TimeControl "2700+45"]

1. e4 c6 2. d4 d5 3. Nc3 dxe4 4. Nxe4 Bf5 5. Ng3 Bg6 6. Nf3 Nd7 7. Bd3 e6 8. h4
Bxd3 9. Qxd3 g6 10. h5 Be7 11. hxg6 fxg6 12. Qe4 Qa5+ 13. Bd2 Qd5 14. b3 Qxe4+
15. Nxe4 Ngf6 16. Neg5 Ba3 17. Nxe6 Ke7 18. Nf4 Ne4 19. Nd3 Nxd2 20. Kxd2 Bd6
21. Rae1+ Kf6 22. Rh4 h5 23. Rhe4 Kg7 24. Re6 Ba3 25. Nf4 Rh6 26. R1e2 g5 27.
Rxh6 Kxh6 28. Re6+ Kg7 29. Nxh5+ Kg8 30. Nxg5 Nf8 31. Re4 Nh7 32. Nxh7 Kxh7 33.
Re6 Bf8 34. Kd3 Rd8 35. g4 c5 36. c3 cxd4 37. cxd4 a5 38. f4 Rd6 39. Rxd6 Bxd6
40. a4 Kg6 41. Ke4 b6 42. Kd5 Bb4 43. Ke6 Bd2 44. d5 Be1 45. d6 Bh4 46. Kd7 Kf7
47. Kc8 {Black resigns} 1-0

[Event "Team 45 45 League T45"]
[Site "Internet Chess Club"]
[Date "2010.05.09"]
[Round "1"]
[White "itai-ron"]
[Black "civilization"]
[Result "1/2-1/2"]
[WhiteElo "1620"]
[BlackElo "1652"]
[Opening "Old Indian defense"]
[ECO "A42"]
[Time "15:04:47"]
[TimeControl "2700+45"]

1. d4 d6 2. c4 e5 3. dxe5 dxe5 4. Qxd8+ Kxd8 5. Nc3 Be6 6. e4 c6 7. Be3 Nd7 8.
O-O-O Kc7 9. Nf3 f6 10. Be2 g6 11. Rd2 Bh6 12. Bxh6 Nxh6 13. h3 Nf7 14. Rhd1
Rhd8 15. b3 a5 16. g4 Nc5 17. Ne1 Rxd2 18. Rxd2 Rd8 19. f3 Rxd2 20. Kxd2 Ng5 21.
h4 Nf7 22. Nd3 Nxd3 23. Kxd3 Nd8 24. Na4 b6 25. c5 b5 26. Nb2 Bf7 27. Kc3 Ne6
28. Nd3 Bg8 29. a3 Kb7 30. b4 axb4+ 31. axb4 h6 32. Kd2 Nd4 33. Bd1 Kc7 34. Ke3
Kd7 35. f4 Ke6 36. fxe5 fxe5 37. g5 hxg5 38. hxg5 Bf7 39. Bg4+ Ke7 40. Nxe5 Nc2+
41. Kf4 Nxb4 42. Bd7 Na6 43. Bxc6 b4 44. Nxf7 Kxf7 45. Bd5+ Ke7 46. c6 Nc7 47.
Ke5 Nxd5 48. exd5 b3 49. d6+ Kd8 50. Ke6 b2 51. c7+ Kc8 52. Ke7 b1=Q 53. d7+
Kxc7 54. d8=Q+ Kb7 55. Qd7+ Kb6 56. Qd6+ Kb7 57. Qd7+ Kb8 58. Qd6+ Ka8 59. Qd8+
Ka7 60. Qc7+ Ka6 61. Qc6+ Ka7 62. Qc7+ Ka8 63. Qc8+ Ka7 64. Qc7+ Ka6 65. Qc6+
Ka7 66. Qc7+ Ka8 67. Qc8+ Ka7 68. Qc7+ Ka6 69. Qc6+ Ka7 70. Qc7+ Ka8 71. Qc8+
Ka7 72. Qc7+ Ka6 73. Qc6+ Ka7 74. Qc7+ Ka8 75. Qc8+ Ka7 {Game drawn by
repetition} 1/2-1/2

[Event "Team 45 45 League T45"]
[Site "Internet Chess Club"]
[Date "2010.05.08"]
[Round "1"]
[White "Theodulf"]
[Black "Gilguli"]
[Result "0-1"]
[WhiteElo "1585"]
[BlackElo "1502"]
[Opening "Latvian: Fraser defense"]
[ECO "C40"]
[Time "09:45:11"]
[TimeControl "2700+45"]

1. e4 e5 2. Nf3 f5 3. Nxe5 Nc6 4. Nxc6 dxc6 5. Nc3 Bc5 6. Bc4 Bxf2+ 7. Kxf2 Qd4+
8. Kf1 Qxc4+ 9. d3 Qd4 10. Bg5 h6 11. Qh5+ Kf8 12. Ke2 Nf6 13. Qh4 fxe4 14. Bxf6
exd3+ 15. cxd3 Bg4+ 16. Kd2 Qf4+ 17. Kc2 gxf6 18. Rhf1 Bd1+ 19. Raxd1 Qxh4 20.
Ne4 Kg7 21. Rd2 Rhf8 22. g3 Qg4 23. Rf4 Qe6 24. b3 Rad8 25. Nc5 Qe5 26. d4 Rxd4
27. Ne6+ Qxe6 28. Rfxd4 c5 29. Rd7+ Rf7 30. R7d5 Qe4+ 31. Kc1 c4 32. R5d4 Qe5
33. bxc4 c5 34. Rg4+ Kf8 35. Rd8+ Ke7 36. Rgg8 Qe3+ 37. Kb2 Qf2+ 38. Kc3 Ke6 39.
Rd2 Qe1 40. Kc2 Qe4+ 41. Kc3 Qf3+ 42. Kc2 Rd7 43. Re8+ Kf7 44. Rde2 Qf5+ 45. Kb2
Rd2+ 46. Rxd2 Kxe8 47. h3 Qxh3 {White resigns} 0-1

[Event "Team 45 45 League T45"]
[Site "Internet Chess Club"]
[Date "2010.05.08"]
[Round "1"]
[White "shamos1"]
[Black "allanchs"]
[Result "1-0"]
[WhiteElo "1375"]
[BlackElo "1520"]
[Opening "English: Bremen, reverse dragon"]
[ECO "A22"]
[Time "07:00:16"]
[TimeControl "2700+45"]

1. c4 e5 2. Nc3 Nf6 3. g3 d5 4. b3 Be7 5. Bg2 Be6 6. Rb1 Nc6 7. d3 O-O 8. Nf3
Qd7 9. O-O Bh3 10. Ng5 Bxg2 11. Kxg2 Rad8 12. e4 dxe4 13. dxe4 Qxd1 14. Rxd1
Rxd1 15. Nxd1 h6 16. Nf3 Nxe4 17. Bb2 Bd6 18. Nc3 Nxc3 19. Bxc3 Re8 20. Nh4 Bc5
21. Rd1 Bd4 22. Bd2 a6 23. Nf3 Bc5 24. Rb1 e4 25. Nh4 Rd8 26. Bc3 Rd4 27. Bxd4
Nxd4 28. Re1 g5 29. Rxe4 gxh4 30. Rxh4 Kg7 31. b4 Ba7 32. Rg4+ Kh7 33. c5 Ne6
34. Re4 c6 35. f4 Bb8 36. f5 Ng5 37. Re7 a5 38. h4 {Black resigns} 1-0

[Event "Team 45 45 League T45"]
[Site "Internet Chess Club"]
[Date "2010.05.09"]
[Round "1"]
[White "jacknor"]
[Black "eyalki"]
[Result "1-0"]
[WhiteElo "1511"]
[BlackElo "1157"]
[Opening "Scotch gambit: Dubois-Réti defense"]
[ECO "C55"]
[Time "15:00:30"]
[TimeControl "2700+45"]

1. e4 e5 2. Nf3 Nc6 3. d4 exd4 4. Bc4 Nf6 5. e5 d5 6. Bb5 Ne4 7. Nxd4 Bd7 8.
Nxc6 Bxc6 9. Bxc6+ bxc6 10. O-O Bc5 11. Nd2 O-O 12. Nxe4 dxe4 13. Qe2 Qd5 14.
Bf4 Bd4 15. Rfd1 c5 16. c3 f6 17. cxd4 cxd4 18. exf6 Rxf6 19. Bg3 c5 20. b3 d3
21. Qe3 h6 22. Rac1 Rc6 23. Rc4 Rac8 24. Rxe4 c4 25. bxc4 Rxc4 26. Rxc4 Qxc4 27.
h3 Qxa2 28. Qxd3 a5 29. Qd5+ Kh7 30. Qxa2 {Black resigns} 1-0

[Event "Team 45 45 League T45"]
[Site "Internet Chess Club"]
[Date "2010.05.09"]
[Round "1"]
[White "fishhead"]
[Black "tourettes"]
[Result "1-0"]
[WhiteElo "2184"]
[BlackElo "1520"]
[Opening "French: Tarrasch, open variation, main line"]
[ECO "C09"]
[Time "15:00:37"]
[TimeControl "2700+45"]

1. e4 e6 2. d4 d5 3. Nd2 c5 4. exd5 exd5 5. Ngf3 Nc6 6. Bb5 Qb6 7. Qe2+ Be7 8.
dxc5 Qxc5 9. Nb3 Qd6 10. O-O Nf6 11. Re1 Be6 12. Nfd4 Bd7 13. Bxc6 bxc6 14. Bf4
Qb4 15. c3 {Black resigns} 1-0

[Event "Team 45 45 League T45"]
[Site "Internet Chess Club"]
[Date "2010.05.07"]
[Round "1"]
[White "RayF"]
[Black "jrichman38"]
[Result "1-0"]
[WhiteElo "1623"]
[BlackElo "1564"]
[Opening "QGD: 4.Nf3"]
[ECO "D37"]
[Time "21:00:24"]
[TimeControl "2700+45"]

1. d4 Nf6 2. c4 e6 3. Nf3 d5 4. Nc3 dxc4 5. e4 Bb4 6. Bxc4 Nxe4 7. Qc2 Nxc3 8.
bxc3 Be7 9. O-O O-O 10. Bd3 g6 11. Bh6 Re8 12. Rab1 c5 13. Be4 Nc6 14. Rfd1 Qc7
15. Ne5 Nxe5 16. dxe5 Qxe5 17. Qa4 Bd7 18. Rxd7 b5 19. Rxb5 f5 20. Rbb7 Bf6 21.
Rg7+ Bxg7 22. Qd7 Rf8 23. Qxg7+ Qxg7 24. Rxg7+ Kh8 25. Bxa8 Rxa8 26. h3 {Black
resigns} 1-0

[Event "Team 45 45 League T45"]
[Site "Internet Chess Club"]
[Date "2010.05.18"]
[Round "1"]
[White "Grenadier"]
[Black "Dolphin"]
[Result "1-0"]
[WhiteElo "1698"]
[BlackElo "1671"]
[Opening "Robatsch defense: Pseudo-Austrian attack"]
[ECO "B07"]
[Time "20:01:14"]
[TimeControl "2700+45"]

1. e4 d6 2. d4 g6 3. Nc3 Bg7 4. f4 Nf6 5. Nf3 Bg4 6. h3 Bxf3 7. Qxf3 O-O 8. Bd3
Nc6 9. Be3 Nb4 10. Rd1 Nxd3+ 11. Rxd3 c6 12. O-O Re8 13. f5 Qc7 14. Bg5 h6 15.
Bxf6 exf6 16. Qg4 Kh7 17. Rg3 g5 18. h4 Rg8 19. hxg5 fxg5 20. f6 Bf8 21. Kf2 Qc8
22. Qh5 Qe6 23. Kg1 Rg6 24. Rf5 Rxf6 25. Rfxg5 Rg6 26. Ne2 Rxg5 27. Rxg5 Be7 28.
Nf4 Qf6 29. Rf5 Qxd4+ 30. Kh2 {Black resigns} 1-0

[Event "Team 45 45 League T45"]
[Site "Internet Chess Club"]
[Date "2010.05.12"]
[Round "1"]
[White "clarinetref"]
[Black "GoIrish"]
[Result "1/2-1/2"]
[WhiteElo "1663"]
[BlackElo "1559"]
[Opening "King's Indian: fianchetto without c4"]
[ECO "A49"]
[Time "21:05:33"]
[TimeControl "2700+45"]

1. Nf3 Nf6 2. d4 g6 3. g3 Bg7 4. Bg2 O-O 5. O-O d6 6. Nbd2 Nbd7 7. Rb1 c5 8. c3
Rb8 9. e4 b5 10. a4 Bb7 11. Re1 a6 12. h3 cxd4 13. cxd4 d5 14. e5 Ne8 15. axb5
axb5 16. Nb3 Nc7 17. Bd2 Nb6 18. Bb4 Nc4 19. Nc5 Bc8 20. b3 Nb6 21. Qe2 Bd7 22.
Ra1 Ne6 23. Ba5 Qe8 24. Nxd7 Qxd7 25. Qb2 Nc8 26. Bd2 Na7 27. Ng5 Nc6 28. Nxe6
fxe6 29. Rec1 Rf7 30. Ra6 Rc8 31. Qc2 Na7 32. Rxa7 Qxa7 33. Qxc8+ Rf8 34. Qc7
Qxd4 35. Be3 Qxe5 36. Qxe7 Bf6 37. Qc7 Qf5 38. g4 Qd3 39. Qd6 Re8 40. Qd7 Re7
41. Qc8+ Kg7 42. Bf1 Qxb3 43. Bc5 Rf7 44. Qxe6 Qb2 45. Be3 d4 46. Bf4 g5 47.
Bxg5 Bxg5 48. Qe5+ Bf6 49. Qe1 Bg5 50. Rb1 Qc3 51. Qe5+ Bf6 52. Qxb5 Qf3 53. Bg2
Qf4 54. Qf5 Qxf5 55. gxf5 Rd7 56. Bc6 Rd6 57. Rb7+ Kh6 58. Bf3 d3 59. Kf1 Bg5
60. Bd1 Rd5 61. Rb6+ Kg7 62. Rb3 d2 63. Rg3 Kf6 64. h4 Bxh4 65. Rh3 Bg5 66. Rxh7
Kxf5 67. Rf7+ Ke6 {Game drawn by mutual agreement} 1/2-1/2

[Event "Team 45 45 League T45"]
[Site "Internet Chess Club"]
[Date "2010.05.07"]
[Round "1"]
[White "Kingangyal"]
[Black "tryanything"]
[Result "1-0"]
[WhiteElo "1490"]
[BlackElo "1585"]
[Opening "Queen's pawn, Mason variation"]
[ECO "D00"]
[Time "19:00:40"]
[TimeControl "2700+45"]

1. d4 d5 2. Bf4 e6 3. e3 c5 4. c3 Nc6 5. Nf3 Nf6 6. Be2 Bd6 7. Bxd6 Qxd6 8. O-O
cxd4 9. cxd4 O-O 10. Nc3 a6 11. Na4 b5 12. Nc5 Nd7 13. Rc1 Nxc5 14. Rxc5 e5 15.
Rc1 e4 16. Nd2 f5 17. f3 Rf6 18. fxe4 fxe4 19. Rxf6 Qxf6 20. Qf1 Bd7 21. Qxf6
gxf6 22. Nb3 Rc8 23. Nc5 Nb4 24. a3 Nd3 25. Bxd3 exd3 26. Nxd3 Rxc1+ 27. Nxc1
Kf7 28. Kf2 Ke6 29. Ne2 a5 30. Kf3 a4 31. Kf4 Kd6 32. Ng3 Ke7 33. Nf5+ Kf7 34.
Ng3 Ke7 35. Ne2 Kd6 36. Kg3 Ke6 37. Kh4 Kf5 38. Ng3+ Kg6 39. Ne2 Bc6 40. Nc3 f5
41. g4 fxg4 42. Kxg4 h6 43. Kh4 h5 44. Ne2 Kf5 45. Ng3+ {Black resigns} 1-0

[Event "Team 45 45 League T45"]
[Site "Internet Chess Club"]
[Date "2010.05.06"]
[Round "1"]
[White "Aquaman"]
[Black "kingsrook"]
[Result "0-1"]
[WhiteElo "1219"]
[BlackElo "1349"]
[Opening "Queen's pawn game"]
[ECO "D05"]
[Time "16:00:24"]
[TimeControl "2700+45"]

1. d4 Nf6 2. Nf3 e6 3. e3 d5 4. Bd3 c6 5. O-O Nbd7 6. Nbd2 Be7 7. b3 Qc7 8. Bb2
c5 9. Qe2 O-O 10. Rac1 b6 11. c4 Bb7 12. cxd5 exd5 13. Ne5 Ne4 14. Nxe4 dxe4 15.
Bb1 Bd6 16. f4 exf3 17. gxf3 Nxe5 18. dxe5 Bxe5 19. Ba3 Rfe8 20. Qc2 g6 21. f4
Qc6 22. e4 Bd4+ 23. Kh1 Qxe4+ 24. Qxe4 Bxe4+ 25. Bxe4 Rxe4 26. Rc2 Rae8 27. Bb2
Re2 28. Rxe2 Rxe2 29. Bxd4 cxd4 30. Rd1 Re4 31. Rc1 d3 32. Rd1 Rd4 33. Kg2 f5
34. Kf3 Kf7 35. Ke3 Rd5 36. a3 Ke6 37. b4 h6 38. h4 Kf6 39. a4 a6 40. Rd2 g5 41.
hxg5+ hxg5 42. fxg5+ Kxg5 43. Kf3 f4 44. Kf2 Kg4 45. Kg2 f3+ 46. Kf2 Kf4 47. b5
a5 48. Ke1 Re5+ 49. Kf2 Re2+ 50. Rxe2 fxe2 51. Ke1 Kf3 52. Kd2 Kf2 {White
resigns} 0-1

[Event "Team 45 45 League T45"]
[Site "Internet Chess Club"]
[Date "2010.05.09"]
[Round "1"]
[White "NFork"]
[Black "Ser-Enigma"]
[Result "0-1"]
[WhiteElo "2329"]
[BlackElo "2184"]
[Opening "Réti: King's Indian attack (Barcza system)"]
[ECO "A07"]
[Time "15:04:14"]
[TimeControl "2700+45"]

1. Nf3 d5 2. g3 c6 3. Bg2 Bg4 4. d4 e6 5. O-O Nf6 6. Bg5 Nbd7 7. c4 Be7 8. Nc3
O-O 9. Nd2 h6 10. Bf4 g5 11. Be3 dxc4 12. Nxc4 b5 13. Nd2 Nd5 14. Nxd5 cxd5 15.
f3 Bh5 16. Bf2 f5 17. Qb3 Rb8 18. e4 Nf6 19. exf5 exf5 20. Rfe1 Bd6 21. Qd3 Qd7
22. Nb3 Rfe8 23. Nc5 Qh7 24. Qb3 f4 25. Na6 Rb6 26. Nb4 Bf7 27. Rxe8+ Nxe8 28.
Rc1 Nc7 29. Bh3 a5 30. Nc6 Qg7 31. Nxa5 fxg3 32. hxg3 Rb8 33. Nc6 Re8 34. Bd7
Rf8 35. Nb4 Qf6 36. Bc6 Bxb4 37. Qxb4 Qxf3 38. Qc3 Qg4 39. Qa5 Be6 40. Qxc7 Qf3
41. Rf1 Bh3 42. Bxd5+ Qxd5 {White resigns} 0-1

[Event "Team 45 45 League T45"]
[Site "Internet Chess Club"]
[Date "2010.05.06"]
[Round "1"]
[White "mcplayerus"]
[Black "GreatPelle"]
[Result "1-0"]
[WhiteElo "2062"]
[BlackElo "1999"]
[Opening "Dutch: Ilyin-Genevsky variation with Qc2"]
[ECO "A98"]
[Time "15:00:12"]
[TimeControl "2700+45"]

1. d4 e6 2. Nf3 f5 3. g3 Nf6 4. Bg2 Be7 5. c4 O-O 6. O-O d6 7. Nc3 Qe8 8. Qc2
Qg6 9. e4 fxe4 10. Nh4 Qh5 11. Nxe4 Nxe4 12. Qxe4 Bxh4 13. Qxh4 Qxh4 14. gxh4
Nc6 15. Be3 Bd7 16. Rad1 Rae8 17. Rd2 e5 18. dxe5 Rxe5 19. c5 Rf6 20. cxd6 cxd6
21. Bg5 Rg6 22. f4 Ra5 23. h5 Rgxg5 24. fxg5 Rxg5 25. Rxd6 Bh3 26. Rf2 h6 27.
Rd5 Rg4 28. Kh1 Rh4 29. Bxh3 Rxh3 30. Rg2 Re3 31. Rd7 Ne5 32. Rdxg7+ Kf8 33.
R7g3 Re1+ 34. Rg1 Re2 35. R3g2 Re4 36. Rf1+ Ke7 37. Rg7+ Ke6 38. Rxb7 Re2 39.
Rb4 a5 40. Rbf4 Nd3 41. Rf6+ Ke7 42. Rxh6 Rxb2 43. Rhf6 Rb5 44. h6 Rh5 45. Rf7+
Ke6 46. h7 a4 47. R1f6+ Ke5 48. Rf5+ Rxf5 49. h8=Q+ Kf4 {Black resigns} 1-0

[Event "Team 45 45 League T45"]
[Site "Internet Chess Club"]
[Date "2010.05.15"]
[Round "1"]
[White "Erle"]
[Black "AronT"]
[Result "0-1"]
[WhiteElo "1861"]
[BlackElo "2046"]
[Opening "French: Tarrasch, closed variation, main line"]
[ECO "C06"]
[Time "07:39:33"]
[TimeControl "2700+45"]

1. e4 e6 2. d4 d5 3. Nd2 Nf6 4. e5 Nfd7 5. Bd3 c5 6. c3 Nc6 7. Ne2 cxd4 8. cxd4
f6 9. f4 fxe5 10. fxe5 Nxd4 11. Nxd4 Qh4+ 12. g3 Qxd4 13. Qh5+ Kd8 14. Bxh7
Qxe5+ 15. Qxe5 Nxe5 16. Bc2 Bc5 17. Nb3 Bb4+ 18. Ke2 Bd7 19. Nd4 Nc6 20. Bg5+
Be7 21. Be3 e5 22. Nf5 Bf6 23. Nd6 Kc7 24. Nb5+ Kb8 25. h3 a6 26. Nd6 Kc7 27.
Nf5 g6 28. Nh6 Nd4+ 29. Bxd4 Rxh6 30. Be3 Rxh3 31. Rxh3 Bxh3 32. Bxg6 Bg4+ 33.
Kf2 Rh8 34. Rc1+ Kd7 35. Kg1 Rc8 36. Rf1 Ke6 37. Kg2 e4 38. Rf2 d4 39. Rf4 Bf3+
40. Kf1 dxe3 41. Bf5+ Ke7 42. Bxc8 e2+ 43. Ke1 Bxb2 44. Rxe4+ Bxe4 45. Kxe2 Bd4
46. Kd2 a5 47. g4 Kf6 48. Bd7 Kg5 49. Be6 b6 50. Ke2 Bc5 51. Bd7 Bd5 52. a4 Kf4
53. Kd2 Bf3 54. Bb5 Bxg4 55. Kd3 Ke5 56. Kc3 Be6 57. Kb2 Kd4 58. Kc2 Bd6 59. Kb2
Bd5 60. Kc2 Kc5 61. Bd3 Kb4 62. Bb5 Bb3+ {White resigns} 0-1

[Event "Team 45 45 League T45"]
[Site "Internet Chess Club"]
[Date "2010.05.06"]
[Round "1"]
[White "smitty120"]
[Black "LucaTrapani"]
[Result "0-1"]
[WhiteElo "1902"]
[BlackElo "2134"]
[Opening "French: MacCutcheon, Lasker variation"]
[ECO "C12"]
[Time "21:00:34"]
[TimeControl "2700+45"]

1. e4 e6 2. d4 d5 3. Nc3 Nf6 4. Bg5 Bb4 5. e5 h6 6. Bd2 Bxc3 7. bxc3 Ne4 8. Bd3
Nxd2 9. Kxd2 c5 10. Qg4 Kf8 11. Nf3 Nc6 12. h4 Qa5 13. h5 cxd4 14. Nxd4 Nxe5 15.
Qf4 Nc4+ 16. Bxc4 dxc4 17. Rae1 Qg5 18. Qxg5 hxg5 19. Nb5 Bd7 20. Nd4 Ke7 21.
Nf5+ Kf6 22. Nd6 Bc6 23. Nxc4 Bxg2 24. Rh2 Bf3 25. Re3 Bxh5 {White resigns} 0-1

[Event "Team 45 45 League T45"]
[Site "Internet Chess Club"]
[Date "2010.05.09"]
[Round "1"]
[White "kobesarmy"]
[Black "BadHabitMarco"]
[Result "1-0"]
[WhiteElo "1944"]
[BlackElo "1863"]
[Opening "English opening"]
[ECO "A20"]
[Time "19:00:08"]
[TimeControl "2700+45"]

1. c4 e5 2. g3 Nf6 3. Bg2 c6 4. d4 exd4 5. Qxd4 d5 6. Bg5 dxc4 7. Qxd8+ Kxd8 8.
Nd2 Be6 9. O-O-O Nd7 10. Nh3 c3 11. Ne4 cxb2+ 12. Kxb2 Kc7 13. Bf4+ Kb6 14. Be3+
Kc7 15. Bf4+ Kb6 16. Be3+ c5 17. Nf4 Be7 18. Nxe6 fxe6 19. Nd6 Kc7 20. Nb5+ Kb6
21. Nd6 Kc7 22. Nb5+ Kd8 23. Bf4 Kc8 24. Nc7 e5 25. Nxa8 exf4 26. Kc2 Kb8 27.
Rb1 Kxa8 28. Rxb7 f3 29. Bxf3 Ne5 30. Rxe7+ Nxf3 31. exf3 Rd8 32. Rd1 Nd5 33.
Ree1 Nb4+ 34. Kb3 Rb8 35. Kc4 Nxa2 36. Rb1 Nb4 37. Re5 Rd8 38. Rxc5 Nc2 39. Rb2
Ne1 40. Rb3 a6 41. Rc7 Rf8 42. Rbb7 Nxf3 43. Ra7+ Kb8 44. Rcb7+ Kc8 45. Rxg7
Ne5+ 46. Kd5 {Black resigns} 1-0

[Event "Team 45 45 League T45"]
[Site "Internet Chess Club"]
[Date "2010.05.09"]
[Round "1"]
[White "koni"]
[Black "player12321"]
[Result "0-1"]
[WhiteElo "1941"]
[BlackElo "1891"]
[Opening "QGD"]
[ECO "D52"]
[Time "12:31:00"]
[TimeControl "2700+45"]

1. Nf3 d5 2. d4 Nf6 3. c4 e6 4. Nc3 c6 5. Bg5 Nbd7 6. e3 Be7 7. Rc1 h6 8. Bh4
O-O 9. Bd3 dxc4 10. Bxc4 b5 11. Bd3 Bb7 12. O-O a6 13. Bxf6 Bxf6 14. Ne4 Be7 15.
a4 Qa5 16. Qc2 Rac8 17. Nc5 Nxc5 18. dxc5 Rcd8 19. Be4 f5 20. Bd3 Bf6 21. b3 Qc7
22. Rfd1 Bc8 23. Be2 e5 24. Rxd8 Rxd8 25. Rd1 Be6 26. Rxd8+ Qxd8 27. Qd1 Qxd1+
28. Bxd1 b4 29. Kf1 Kf7 30. Ke2 Bd5 31. Kd2 a5 32. Bc2 Ke6 33. Bd1 Be7 34. Bc2
g5 35. Bd1 Bxc5 36. Kc2 Ba7 37. Be2 f4 38. exf4 exf4 39. Bf1 Bxf2 40. Nd2 Bb6
41. Nc4 Bc7 42. Nd2 g4 43. h3 Kf5 44. Bd3+ Kg5 45. Ne4+ Bxe4 46. Bxe4 gxh3 47.
gxh3 Kh4 48. Bxc6 Kg3 49. Kd1 Kf2 50. h4 Be5 51. Bh1 h5 52. Kd2 Bf6 53. Kd3 Bxh4
54. Ke4 Bg3 55. Kf5 Ke3 56. Kg5 f3 57. Kxh5 f2 58. Bg2 Ke2 59. Kg4 f1=Q 60.
Bxf1+ Kxf1 61. Kxg3 Ke2 62. Kf4 Kd3 63. Ke5 Kc3 {White resigns} 0-1

[Event "Team 45 45 League T45"]
[Site "Internet Chess Club"]
[Date "2010.05.09"]
[Round "1"]
[White "qzjackqz"]
[Black "poni"]
[Result "0-1"]
[WhiteElo "1897"]
[BlackElo "1956"]
[Opening "Pirc: Austrian attack, dragon formation"]
[ECO "B09"]
[Time "13:00:29"]
[TimeControl "2700+45"]

1. e4 d6 2. d4 Nf6 3. Nc3 g6 4. f4 Bg7 5. Nf3 c5 6. Bb5+ Bd7 7. e5 Ng4 8. e6
fxe6 9. Ng5 Bxb5 10. Nxb5 Qa5+ 11. c3 Qxb5 12. Qxg4 cxd4 13. Nxe6 Qc4 14. Nxg7+
Kf7 15. Nf5 h5 16. Qg5 Qe6+ 17. Ne3 dxe3 18. f5 gxf5 19. O-O Nd7 20. Rxf5+ Nf6
21. Bxe3 Rag8 22. Qf4 Rg4 23. Qf3 Rhg8 24. Rxh5 Rxg2+ 25. Kh1 Ke8 26. Rh4 Rxb2
27. Bf2 Rxf2 28. Qxf2 Qd5+ {White resigns} 0-1

[Event "Team 45 45 League T45"]
[Site "Internet Chess Club"]
[Date "2010.05.09"]
[Round "1"]
[White "SneakyRed"]
[Black "WoadRaider"]
[Result "0-1"]
[WhiteElo "1794"]
[BlackElo "1792"]
[Opening "Sicilian: Alapin's variation (2.c3)"]
[ECO "B22"]
[Time "11:57:01"]
[TimeControl "2700+45"]

1. e4 c5 2. c3 Nf6 3. e5 Nd5 4. Nf3 Nc6 5. d4 cxd4 6. Bc4 Nb6 7. Bb3 d6 8. exd6
Qxd6 9. Na3 a6 10. O-O Bf5 11. Nxd4 Nxd4 12. cxd4 e6 13. Qf3 Qd7 14. d5 exd5 15.
Re1+ Be7 16. Be3 Bg4 17. Qf4 Nc8 18. Bc5 Be6 19. Bd4 O-O 20. Rac1 Nd6 21. Qe5
Bf6 22. Qf4 Bxd4 23. Qxd4 Nf5 24. Qe5 Rac8 25. Nc2 a5 26. a3 Qb5 27. Ba2 Rc5 28.
g4 Nh4 29. Qe3 Qxb2 30. Qxc5 Nf3+ 31. Kg2 Nxe1+ 32. Nxe1 Qxa2 33. h3 b6 34. Qxb6
Qxa3 35. Rc5 a4 36. Nc2 Qb3 37. Qa7 d4 38. Nxd4 Bd5+ 39. Kh2 Qb7 40. Qxa4 Bh1
41. f3 Bxf3 42. Nxf3 Qxf3 43. Qc2 Qf4+ 44. Kg2 Qb8 45. Rc7 Re8 46. Qc4 Qb2+ 47.
Kg3 Re3+ 48. Kh4 Qf2+ 49. Kh5 Rxh3+ 50. Kg5 Qf6# {White checkmated} 0-1